 Dungeon Crawl Stone Soup version 0.21-a0-113-g6841d05 (webtiles) character file.

1727 Charly the Fighter (level 9, -3/96 HPs)
             Began as an Ogre Transmuter on July 12, 2017.
             Shot with an arrow by a centaur (10 damage)
             ... on level 7 of the Dungeon.
             The game lasted 00:25:15 (1772 turns).

Charly the Fighter (Ogre Transmuter)                Turns: 1772, Time: 00:25:16

Health: -3/96      AC:  4    Str: 16    XL:     9   Next: 5%
Magic:  10/13      EV: 11    Int: 14    God:
Gold:   50         SH:  0    Dex: 12    Spells: 8/13 levels left

rFire    . . .     SeeInvis .     - Unarmed
rCold    . . .     Gourm    .   (no shield)
rNeg     + . .     Faith    .   o - +1 robe {rN+}
rPois    .         Spirit   .   (helmet restricted)
rElec    .         Reflect  .   (no cloak)
rCorr    .         Harm     .   (gloves unavailable)
MR       .....                  (boots unavailable)
Stlth    +.........             (no amulet)
HPRegen  0.26/turn              (no ring)
MPRegen  0.13/turn              (no ring)

@: berserk cooldown, hasted and slowed
A: unfitting armour, horns 1, tough skin 1
a: no special abilities


You were on level 7 of the Dungeon.
You were not hungry.

You visited 2 branches of the dungeon, and saw 8 of its levels.

You collected 50 gold pieces.

Inventory:

Hand Weapons
 a - a +0 blowgun
Missiles
 j - 81 arrows
 k - 7 poisoned needles
Armour
 b - +0 steam dragon scales
 o - a +1 robe of positive energy (worn)
Wands
 l - a wand of iceblast (5/15)
Scrolls
 g - a scroll of immolation {unknown}
 h - 2 scrolls of teleportation
 i - a scroll of recharging
 m - a scroll of blinking {unknown}
Potions
 e - a potion of flight
 p - a potion of curing
Books
 c - a book of Changes

   Spells                             Type                      Level
   a - Beastly Appendage              Transmutation                1
   b - Sticks to Snakes               Transmutation                2
   c - Spider Form                    Transmutation/Poison         3
   d - Ice Form                       Ice/Transmutation            4
   e - Blade Hands                    Transmutation                5
Comestibles
 d - 3 bread rations
 q - 2 meat rations


   Skills:
 + Level 8.0 Fighting
 + Level 3.7 Dodging
 + Level 6.9 Unarmed Combat
 - Level 2.8 Spellcasting
 - Level 4.5 Transmutations
 - Level 1.4 Poison Magic


You had 8 spell levels left.
You knew the following spells:

 Your Spells              Type           Power        Failure   Level  Hunger
s - Sticks to Snakes      Tmut           ##......     4%          2    ###....
S - Spider Form           Tmut/Pois      ##........   19%         3    ###....


Dungeon Overview and Level Annotations

Branches:
Dungeon (7/15)             Temple (1/1) D:6

Altars:
Dithmenos
Elyvilon
Fedhas
Gozag
Hepliaklqana
Kikubaaqudgha
Makhleb
Nemelex Xobeh
Okawaru
Qazlal
Ru
Sif Muna
Trog
Uskayaw
Vehumet
Wu Jian
Xom
Yredelemnul
Zin


Innate Abilities, Weirdness & Mutations

You are too large for most types of armour.
You have tough skin. (AC +1)
You have a pair of small horns on your head.


Message History

Increase (S)trength, (I)ntelligence, or (D)exterity?
You feel agile.
You feel stronger.
A phantom comes into view.
You feel a strong urge to attack something.
You are no longer berserk.
You pass out from exhaustion.
You feel yourself slow down. The phantom hits you!
* * * LOW HITPOINT WARNING * * *
The phantom hits you.
* * * LOW HITPOINT WARNING * * *
You can move again.
You feel yourself speed up.
The phantom hits you but does no damage.
The phantom completely misses you.
Your transformation has ended.
Your +1 robe of positive energy unmelds from your body.
You feel more protected from negative energy.
The centaur shouts!
The centaur shoots an arrow.
The arrow hits you!
You die...

#### ####§≈§ ##≈≈§.. .##
#≈≈[..# .....#≈.8..# ##
...c.#.....### ####..
....##...##.######....#
#..##.###...........#
##########..@.W...####.##.#.#
#........##.....#.#<##.##.#
#........##...###.#.##.##%#
#........##...# #.#.##'##.##
#........##...###.#........#
#........''....##.###......#
#........##....##.#.'......#
#........##....##.#.#......#
#####)########%# #.#......#


You could see a phantom and a centaur.

Vanquished Creatures
  Sigmund (D:4)
  2 steam dragons (D:7)
  An orc warrior (D:7)
  2 phantoms
  A sky beast (D:5)
  4 ogres
  A bullfrog (D:7)
  3 howler monkeys
  2 jellies
  An orc priest (D:7)
  A centaur skeleton (D:6)
  4 hounds
  2 orc wizards (D:5)
  An iguana (D:4)
  A worker ant (D:4)
  A hound skeleton (D:5)
  3 adders
  A shadow imp (D:5)
  2 oozes
  3 leopard geckos
  12 orcs
  A ball python (D:3)
  3 goblins
  2 quokkas
  2 bats
  3 frilled lizards
  A jackal skeleton (D:5)
  2 kobolds
63 creatures vanquished.

Vanquished Creatures (collateral kills)
  2 adders
  A worm (D:3)
  2 orcs (D:3)
  A hobgoblin (D:3)
  A bat (D:3)
7 creatures vanquished.

Vanquished Creatures (others)
  An orc (D:4)
1 creature vanquished.

Grand Total: 71 creatures vanquished

Notes
Turn   | Place    | Note
-------+----------+-------------------------------------------
     0 | D:1      | Charly the Ogre Transmuter began the quest for the Orb.
     0 | D:1      | Reached XP level 1. HP: 19/19 MP: 3/3
   140 | D:3      | Reached XP level 2. HP: 17/27 MP: 3/5
   158 | D:3      | Learned a level 2 spell: Sticks to Snakes
   269 | D:3      | Found a shadowy altar of Dithmenos.
   274 | D:3      | Found an opulent altar of Gozag.
   284 | D:3      | Reached XP level 3. HP: 21/33 MP: 1/6
   296 | D:3      | Learned a level 3 spell: Spider Form
   365 | D:3      | bg
   394 | D:4      | Reached skill level 1 in Poison Magic
   394 | D:4      | Reached XP level 4. HP: 36/41 MP: 2/7
   438 | D:4      | blaszt
   481 | D:4      | Found a sparkling altar of Nemelex Xobeh.
   483 | D:4      | Found a stormy altar of Qazlal.
   523 | D:4      | Noticed Sigmund
   526 | D:4      | Killed Sigmund
   526 | D:4      | Reached XP level 5. HP: 48/48 MP: 8/8
   540 | D:4      | Reached XP level 6. HP: 55/55 MP: 1/9
   542 | D:4      | Found a white marble altar of Elyvilon.
   593 | D:5      | Entered Level 5 of the Dungeon
   651 | D:5      | Reached skill level 2 in Fighting
   691 | D:5      | Reached skill level 3 in Fighting
   705 | D:5      | Reached XP level 7. HP: 52/67 MP: 0/11
   843 | D:5      | Reached skill level 4 in Fighting
   850 | D:5      | Gained mutation: You have a pair of small horns on your head. [mutagenic meat]
   897 | D:6      | Found a staircase to the Ecumenical Temple.
   902 | D:6      | Reached skill level 5 in Unarmed Combat
   911 | Temple   | Entered the Ecumenical Temple
  1053 | D:6      | Reached skill level 5 in Fighting
  1297 | D:3      | Found a bloodstained altar of Trog.
  1492 | D:7      | Reached skill level 6 in Fighting
  1492 | D:7      | Reached XP level 8. HP: 66/83 MP: 8/12
  1628 | D:7      | Reached skill level 7 in Fighting
  1758 | D:7      | Reached skill level 8 in Fighting
  1758 | D:7      | Reached XP level 9. HP: 22/96 MP: 8/13
  1772 | D:7      | Shot with an arrow by a centaur

Vault maps used:
D:1:      saegor_arrival_miasma, minmay_lizard_king
D:3:      bloody_trog, nicolae_gozag_seed_capital,
          grunt_dithmenos_smoke_and_mirrors, lexackson_kobold_supper
D:4:      elyvilon_altar_3, chequers_temple_overflow_statue_of_worship,
          uniq_sigmund
D:5:      first_bread, wad_floor_pattern_1, hangedman_feature_mirror
D:6:      minmay_temple_entry_butterflies, serial_shops, shop,
          minmay_misc_feat_room
D:7:      cheibrodos_steamvent, cheibrodos_ashenzari_chains,
          nemelex_altar_shiori
Temple:   nicolae_temple_figure_eight

Skill      XL: |  1  2  3  4  5  6  7  8 |
---------------+-------------------------+-----
Unarmed Combat | 3 4 5 6 |  6.9
Transmutations | 2 4 |  4.5
Poison Magic   | 1 |  1.4
Fighting       | 3 6 8 |  8.0
Dodging        | 2 3 |  3.7
Spellcasting   | |  2.8

Action                   |  1- 3 |  4- 6 |  7- 9 || total
-------------------------+-------+-------+-------++-------
Melee: Unarmed           |    70 |    42 |   131 ||   243
       Kick              |     3 |       |       ||     3
       Punch             |       |     1 |     1 ||     2
 Cast: Beastly Appendage |     2 |       |       ||     2
       Sticks to Snakes  |     4 |     2 |     4 ||    10
       Spider Form       |     2 |     6 |    17 ||    25
 Abil: End Transformatio |       |     1 |     4 ||     5
Evoke: Wand              |     2 |     3 |     6 ||    11
  Use: Scroll            |     1 |     1 |    11 ||    13
       Potion            |       |       |     2 ||     2
 Stab: Distracted        |     1 |       |       ||     1
  Eat: Chunk             |       |     1 |     3 ||     4
       Bread ration      |       |       |     1 ||     1
Armor: Robe              |    19 |     3 |     5 ||    27
       Skin              |       |     1 |     2 ||     3
Dodge: Dodged            |    44 |    21 |    93 ||   158
